 Dungeon Crawl Stone Soup version 0.27.1-2-g3b301248ec (webtiles) character file.

Game seed: 16911402849085718607

706 ABBCCCDDDD the Sneak (level 7, -3/49 HPs)
             Began as an Octopode Abyssal Knight on Sept 28, 2021.
             Was a Believer of Lugonu.
             Slain by a gnoll (4 damage)
             ... on level 6 of the Dungeon.
             The game lasted 00:05:30 (5598 turns).

ABBCCCDDDD the Sneak (Octopode Abyssal Knight)      Turns: 5598, Time: 00:05:31

Health: -3/49      AC:  5    Str: 12    XL:     7   Next: 67%
Magic:  7/10       EV: 13    Int: 16    God:    Lugonu [**....]
Gold:   180        SH:  0    Dex: 11    Spells: 5/10 levels left

rFire    x . .     SeeInvis .   a - +1 short sword
rCold    + . .     Faith    .   (no shield)
rNeg     . . .     Spirit   .   (helmet restricted)
rPois    +         Reflect  .   (no amulet)
rElec    .         Harm     .   g - ring of poison resistance
rCorr    .         Rampage  .   k - ring of ice
Will     .....                  v - +4 ring of protection
Stlth    ++++......             (no ring)
HPRegen  0.16/turn              (no ring)
MPRegen  0.12/turn              (no ring)
                                (no ring)
                                (no ring)

@: no status effects
A: almost no armour, amphibious, 8 rings, camouflage 1, gelatinous body 1,
(nimble swimmer 1), tentacles
a: Renounce Religion, Depart the Abyss, Bend Space


You were on level 6 of the Dungeon.
You worshipped Lugonu.
Lugonu was pleased with you.
You visited 1 branch of the dungeon, and saw 6 of its levels.
You visited the Abyss 1 time.

You collected 180 gold pieces.

Inventory:

Hand Weapons
 a - a +1 short sword (weapon)
Missiles
 c - 4 poisoned darts
 l - 5 javelins (quivered)
Jewellery
 g - a ring of poison resistance (left tentacle)
 k - a ring of ice (right tentacle)
 v - a +4 ring of protection (on tentacle)
Scrolls
 d - a scroll of amnesia {unknown}
 e - a scroll of holy word {unknown}
 h - a scroll of fear {unknown}
 i - 6 scrolls of identify {unknown}
 j - a scroll of noise {unknown}
 m - 4 scrolls of fog {unknown}
 o - a scroll of torment {unknown}
 p - 2 scrolls of teleportation {unknown}
 q - a scroll of summoning {unknown}
 t - a scroll of immolation {unknown}
 w - a scroll of enchant weapon {unknown}
Potions
 b - 2 potions of heal wounds
 f - 2 potions of ambrosia {unknown}
 n - a potion of berserk rage {unknown}
 r - a potion of curing {unknown}
 s - a potion of haste {unknown}
 u - a potion of flight {unknown}
 x - a potion of attraction {unknown}


   Skills:
 + Level 4.8 Fighting
 - Level 3.0 Short Blades
 - Level 2.0 Throwing
 - Level 2.3 Dodging
 - Level 5.0 Stealth
 - Level 2.0 Spellcasting
 + Level 3.4 Ice Magic
 + Level 2.9 Poison Magic
 - Level 2.0 Invocations


You had 5 spell levels left.
You knew the following spells:

 Your Spells              Type           Power      Damage    Failure   Level
a - Ozocubu's Armour      Ice            19%        N/A       16%         3
b - Poisonous Vapours     Pois/Air       12%        N/A       17%         2

Your spell library contained the following spells:

 Spells                   Type           Power      Damage    Failure   Level
 Corpse Rot               Necr/Air       N/A        N/A       30%         2
 Freezing Cloud           Conj/Ice/Air   3%         6-21      98%         5
 Ozocubu's Refrigeration  Ice            9%         4d6       100%        7


Dungeon Overview and Level Annotations

Branches:
Dungeon (6/15)             Temple (0/1) D:4

Altars:
Trog
The Shining One

Shops:
D:2 (

Annotations:
D:4 Edmund
D:5 exclusion: ogre, Menkaure


Innate Abilities, Weirdness & Mutations

You cannot wear most types of armour.
You are amphibious.
You can wear up to eight rings at the same time.
Your skin changes colour to match your surroundings (Stealth+).
Your rubbery body absorbs attacks. (AC +1, EV +1)
((You are camouflaged near water. (Stealth+)))
You have tentacles for arms and can constrict up to eight enemies at once.


Message History

A gnoll comes into view. It is wielding a +0 spear. x2
There is a stone staircase leading up here.
Throw: 6 javelins
Press: ? - help, Q - select action, (/) - cycle Shift-Dir - straight line, f/p - gnoll sergeant
Aim: a gnoll sergeant, wielding a +4 vampiric trident and wearing a +0 scale mail (moderately wounded, poisoned, 67% to hit)
You throw a javelin.
The javelin pierces through the gnoll sergeant but does no damage.
The gnoll sergeant is moderately wounded.
You hear a shout!
The gnoll sergeant looks more healthy.
The gnoll sergeant hits you with a +4 vampiric trident!
There is a stone staircase leading up here.
You hit the gnoll sergeant. You grab the gnoll sergeant.
You squeeze the gnoll sergeant.
The gnoll sergeant is severely wounded.
You constrict the gnoll sergeant, but do no damage.
The gnoll sergeant closely misses you.
Your magical contamination has completely faded away.
You hit the gnoll sergeant but do no damage.
The gnoll sergeant is severely wounded.
You constrict the gnoll sergeant, but do no damage.
The gnoll sergeant misses you.
You hit the gnoll sergeant.
The gnoll sergeant is severely wounded.
You constrict the gnoll sergeant, but do no damage.
The gnoll sergeant hits you with a +4 vampiric trident!
The gnoll sergeant draws strength from your wounds!
You hit the gnoll sergeant but do no damage.
You squeeze the gnoll sergeant, but do no damage.
The gnoll sergeant is heavily wounded.
You constrict the gnoll sergeant.
The gnoll sergeant hits you with a +4 vampiric trident.
The gnoll sergeant draws strength from your wounds!
The gnoll barely misses you.
You release your grip on the gnoll sergeant.
The gnoll sergeant hits you with a +4 vampiric trident!!
* * * LOW HITPOINT WARNING * * *
The gnoll sergeant draws strength from your wounds!
The gnoll hits you from afar with a +0 spear.
You die...

.(g
#(.
#.#
#.#
#.#
#.#
#g#
#g#
#@#
#.#
#.#
#.#
#.#
#.#
#.#
...
.#.


You could see a gnoll sergeant and a gnoll.

Levels and vault maps discovered:
D:1:      minmay_arrival_plants_in_alcoves, layout_basic,
          chequers_ecumenical_altar_simple, serial_glass, glass_columns_a,
          glass_columns_b
D:2:      layout_basic, serial_shops, nicolae_shop_overgrown_old_shop
D:3:      layout_rooms, trog_book, hangedman_decor_opposing
D:4:      layout_basic, mainiacjoe_overflow_24_doors,
          minmay_temple_entry_butterflies, uniq_edmund
D:5:      layout_gridville, uniq_crazy_yiuf_cottage, uniq_menkaure
D:6:      layout_loops_ring, nicolae_underground_beach

Notes
Turn   | Place    | Note
-------+----------+-------------------------------------------
     0 | Abyss:1  | ABBCCCDDDD the Octopode Abyssal Knight began the quest for
                  | the Orb.
     0 | Abyss:1  | Reached XP level 1. HP: 16/16 MP: 2/2
   103 | Abyss:1  | Noticed a ynoxinul
   109 | D:1      | Escaped the Abyss
   189 | D:1      | You fall into a shaft and drop 1 floor!
   199 | D:2      | Reached * piety under Lugonu
   222 | D:2      | Reached skill level 1 in Stealth
   222 | D:2      | Reached XP level 2. HP: 11/21 MP: 3/3
   392 | D:2      | Reached skill level 1 in Throwing
   661 | D:2      | Reached XP level 3. HP: 25/26 MP: 4/4
   707 | D:2      | Reached skill level 2 in Stealth
  1254 | D:2      | Reached XP level 4. HP: 31/31 MP: 5/5
  1417 | D:2      | Learned a level 3 spell: Ozocubu's Armour
  1434 | D:2      | Found Famastirch's Antique Weapon Shop.
  1623 | D:1      | Found a faded altar of an unknown god.
  1864 | D:1      | Reached ** piety under Lugonu
  2391 | D:3      | Reached XP level 5. HP: 29/37 MP: 6/6
  2503 | D:3      | Reached skill level 1 in Ice Magic
  2544 | D:3      | Noticed a water moccasin
  2552 | D:3      | Killed a water moccasin
  2553 | D:3      | Reached skill level 3 in Stealth
  2553 | D:3      | Reached skill level 1 in Spellcasting
  2553 | D:3      | Reached XP level 6. HP: 38/43 MP: 7/7
  2610 | D:3      | Learned a level 2 spell: Poisonous Vapours
  3153 | D:3      | Found a bloodstained altar of Trog.
  3260 | D:4      | Found a glowing golden altar of the Shining One.
  3389 | D:4      | Noticed Edmund
  3873 | D:4      | Reached skill level 1 in Poison Magic
  3883 | D:4      | You fall into a shaft and drop 1 floor!
  3883 | D:5      | Entered Level 5 of the Dungeon
  3946 | D:5      | Reached skill level 4 in Stealth
  3946 | D:5      | Reached XP level 7. HP: 20/49 MP: 9/9
  4543 | D:4      | Found a staircase to the Ecumenical Temple.
  4904 | D:5      | Noticed Menkaure
  5051 | D:5      | Reached skill level 5 in Stealth
  5598 | D:6      | HP: 1/49 [gnoll sergeant (18)]
  5598 | D:6      | Slain by a gnoll

Table legend: (Time is in decaauts)
 A = Elapsed time spent in this place.
 B = Non-inter-level travel time spent in this place.
 C = Inter-level travel time spent in this place.
 D = Time resting spent in this place.
 E = Time spent auto-exploring this place.
 F = Levels seen in this place.
 G = Mean time per level.
                   A        B        C        D        E       F      G
               +--------+--------+--------+--------+--------+-----+--------+
         Total |   5594 |   5363 |    231 |   1804 |   2797 |   7 |  799.1 |
       Dungeon |   5485 |   5254 |    231 |   1804 |   2697 |   6 |  914.2 |
         Abyss |    109 |    109 |      0 |      0 |    100 |   1 |  109.0 |
               +--------+--------+--------+--------+--------+-----+--------+

Top non-repeatable levels by time:
     D:2: 1454 daAuts
     D:4: 1434 daAuts
     D:3: 1173 daAuts
     D:1: 734 daAuts
     D:5: 675 daAuts
 Abyss:1: 109 daAuts
     D:6: 13 daAuts

Table legend:
 A = Kills in this place as a percentage of kills in entire the game.
 B = Kills by you in this place as a percentage of kills by you in the entire game.
 C = Kills by friends in this place as a percentage of kills by friends in the entire game.
 D = Other kills in this place as a percentage of other kills in the entire game.
 E = Experience gained in this place as a percentage of experience gained in the entire game.
 F = Experience gained in this place divided by the number of levels of this place that you have seen.
                   A       B       C       D       E      F
               +-------+-------+-------+-------+-------+----------------------
         Total | 100.0 | 100.0 |   N/A |   N/A | 100.0 | 144.1
       Dungeon | 100.0 | 100.0 |   N/A |   N/A | 100.0 | 168.2
               +-------+-------+-------+-------+-------+----------------------

Action                   |  1- 3 |  4- 6 |  7- 9 || total
-------------------------+-------+-------+-------++-------
Melee: Short sword       |    68 |   119 |    65 ||   252
       Constrict         |    21 |    25 |    12 ||    58
       Tentacles         |     8 |    16 |    15 ||    39
Throw: Dart              |       |     8 |       ||     8
       Javelin           |       |     1 |    10 ||    11
 Cast: Poisonous Vapours |       |       |     1 ||     1
Invok: Depart the Abyss  |     1 |       |       ||     1
  Use: Potion            |     1 |       |       ||     1
 Stab: Sleeping          |     3 |    16 |     4 ||    23
Armor: Skin              |     5 |     2 |    17 ||    24
Dodge: Dodged            |    47 |    67 |    30 ||   144

Vanquished Creatures
  A water moccasin (D:3)
  An ogre (D:5)
  A scorpion (D:5)
  A water moccasin skeleton (D:4)
  2 hounds (D:5)
  4 orc wizards
  An iguana (D:3)
  2 hound skeletons (D:4)
  A howler monkey zombie (D:3)
  4 gnolls (D:4)
  5 adders
  An adder skeleton (D:4)
  2 worms (D:2)
  4 dart slugs
  3 orcs
  3 endoplasms
  6 giant cockroaches
  7 goblins
  9 hobgoblins
  6 jackals
  6 kobolds
  3 quokkas
  12 ball pythons
  7 bats
  5 frilled lizards (D:2)
  6 rats
103 creatures vanquished.
